 Dungeon Crawl Stone Soup version 0.31-a0-559-g03b8d61ab2 (webtiles) character file.

Game seed: 5677675027529242913

95 Ethylacetat the Ducker (level 4, -2/31 HPs)
             Began as an Octopode Gladiator on Aug 17, 2023.
             Slain by a gnoll
             ... wielding a +0 spear
              (7 damage)
             ... on level 3 of the Dungeon.
             The game lasted 00:01:16 (1512 turns).

Ethylacetat the Ducker (Octopode Gladiator)         Turns: 1512, Time: 00:01:16

Health: -2/31      AC:  1    Str: 13    XL:     4   Next: 65%
Magic:  4/4        EV: 15    Int: 10    God:
Gold:   92         SH:  0    Dex: 21    Spells: 3/3 levels left

rFire   . .          .
                       - Unarmed
rCold   . . .        (no shield)
rNeg    . . .        a - +0 hat
rPois   .            (no amulet)
rElec   .            n - +6 ring of dexterity
rCorr   .            (no ring)
SInv    .            (no ring)
Will    .....        (no ring)
Stlth   +++          (no ring)
HPRegen 0.25/turn    (no ring)
MPRegen 0.09/turn    (no ring)
                     (no ring)

%: no passive effects
@: no status effects
A: almost no armour, amphibious, 8 rings, camouflage 1, gelatinous body 1,
(nimble swimmer 1), tentacles
a: no special abilities


You were on level 3 of the Dungeon.
You visited 1 branch of the dungeon, and saw 3 of its levels.

You collected 92 gold pieces.

Inventory:

Missiles
 b - 3 throwing nets (quivered)
 c - a javelin
Armour
 a - a +0 hat (worn)
Jewellery
 n - a +6 ring of dexterity (left tentacle)
Scrolls
 g - 2 scrolls of amnesia {unknown}
 j - 2 scrolls of identify {unknown}
 k - a scroll of poison {unknown}
 l - a scroll of teleportation {unknown}
Potions
 d - a potion of haste {unknown}
 e - 3 potions of curing {unknown}
 h - a potion of cancellation {unknown}
 i - a potion of enlightenment {unknown}
 m - a potion of attraction {unknown}


   Skills:
 + Level 3.2 Fighting
 - Level 2.0 Throwing
 + Level 3.8 Dodging
 + Level 3.8 Unarmed Combat


You had 3 spell levels left.
You didn't know any spells.
Your spell library was empty.

Dungeon Overview and Level Annotations

Branches:
Dungeon (3/15)

Altars:


Innate Abilities, Weirdness & Mutations

You cannot wear most types of armour.
You are amphibious.
You can wear up to eight rings at the same time.
Your skin changes colour to match your surroundings (Stealth+).
Your rubbery body absorbs attacks. (AC +1, EV +1)
((You are camouflaged when in or above water. (Stealth+)))
You have tentacles for arms and can constrict up to eight enemies at once.


Message History

Your grab misses the gnoll.
The gnoll is almost dead.
You tentacle-slap the gnoll.
You kill the gnoll!
You tentacle-slap the gnoll. You grab the gnoll.
The gnoll is moderately wounded.
You constrict the gnoll. The gnoll barely misses you.
You tentacle-slap the gnoll but do no damage.
You tentacle-slap the gnoll.
The gnoll is heavily wounded.
You constrict the gnoll. The gnoll hits you with a +0 whip.
You are too injured to fight recklessly!
You are too injured to fight recklessly!
You are too injured to fight recklessly!
You are too injured to fight recklessly!
You are too injured to fight recklessly!
You tentacle-slap the gnoll.
You kill the gnoll!
Items here: )) ††.
You tentacle-slap the gnoll. You grab the gnoll.
The gnoll is moderately wounded.
You constrict the gnoll.
The gnoll shouts!
The gnoll closely misses you.
You tentacle-slap the gnoll.
The gnoll is heavily wounded.
You constrict the gnoll. The gnoll closely misses you.
The gnoll hits you from afar with a +0 spear.
You tentacle-slap the gnoll.
The gnoll is severely wounded.
You constrict the gnoll.
The gnoll hits you from afar with a +0 spear.
* * * LOW HITPOINT WARNING * * *
The gnoll closely misses you.
You tentacle-slap the gnoll.
You kill the gnoll!
The gnoll hits you from afar with a +0 spear.
* * * LOW HITPOINT WARNING * * *
The gnoll hits you with a +0 spear!
You die...

#.# #.# #<# #.
#.# ### #.##.#
..# #.##.# #.#
#.##)# #g# #.##.#
#@# #.##.# #)#
#.##.#
.#####.####....#
#.............###
#######.#####.#
## #.# #.# .. #.#
#.# .# #.# #.# .#
#.# #.#


You could see a gnoll.

Vanquished Creatures
  3 gnolls (D:3)
  2 adders
  2 worms
  5 ball pythons
  3 bats
  2 endoplasms
  5 giant cockroaches
  5 goblins
  3 hobgoblins
  3 quokkas
  3 kobolds
  2 rats
38 creatures vanquished.

Notes
Turn   | Place    | Note
-------+----------+-------------------------------------------
     0 | D:1      | Ethylacetat the Octopode Gladiator began the quest for the
                  | Orb.
     0 | D:1      | Reached XP level 1. HP: 14/14 MP: 1/1
   138 | D:1      | Reached XP level 2. HP: 19/19 MP: 2/2
   577 | D:2      | Reached XP level 3. HP: 25/25 MP: 3/3
  1369 | D:3      | Reached XP level 4. HP: 26/30 MP: 4/4
  1512 | D:3      | Slain by a gnoll

Illustrated notes

Levels and vault maps discovered:
D:1:      eino_arrival_water_cross, layout_rooms
D:2:      layout_basic
D:3:      layout_loops_ring, okawaru_altar_gauntlet_db, kennysheep_jessica_study

Skill      XL: |  1  2  3  4 |
---------------+-------------+-----
Fighting       | 3 |  3.2
Throwing       | |  2.0
Dodging        | |  3.8
Unarmed Combat | |  3.8

Action                     |  1- 3 |  4- 6 || total
---------------------------+-------+-------++-------
  Melee: Unarmed           |    70 |    19 ||    89
         Constrict         |    21 |     4 ||    25
         Tentacles         |    14 |     1 ||    15
         Punch             |       |     1 ||     1
   Stab: Sleeping          |     4 |     1 ||     5
 Armour: Skin              |     4 |       ||     4
  Dodge: Dodged            |    36 |     8 ||    44

Table legend: (Time is in decaauts)
 A = Elapsed time spent in this place.
 B = Non-inter-level travel time spent in this place.
 C = Inter-level travel time spent in this place.
 D = Time resting spent in this place.
 E = Time spent auto-exploring this place.
 F = Levels seen in this place.
 G = Mean time per level.
                   A        B        C        D        E       F      G
               +--------+--------+--------+--------+--------+-----+--------+
         Total |   1504 |   1458 |     46 |      0 |   1197 |   3 |  501.3 |
       Dungeon |   1504 |   1458 |     46 |      0 |   1197 |   3 |  501.3 |
               +--------+--------+--------+--------+--------+-----+--------+

Top non-repeatable levels by time:
     D:2: 683 daAuts
     D:3: 442 daAuts
     D:1: 379 daAuts
